 Dungeon Crawl Stone Soup version 0.25.0-26-g0c896c7088 (webtiles) character file.

Game seed: 4159799909272142992

3500 MisterFreud the Covert (level 10, 0/60 HPs)
             Began as an Octopode Earth Elementalist on July 1, 2020.
             Was an Initiate of Gozag.
             Slain by a six-headed hydra (11 damage)
             ... on level 8 of the Dungeon.
             The game lasted 00:14:46 (7792 turns).

MisterFreud the Covert (OpEE)                       Turns: 7792, Time: 00:14:47

Health: 0/60       AC:  5    Str:  7    XL:     10   Next: 7%
Magic:  18/18      EV: 17    Int: 21    God:    Gozag
Gold:   508        SH:  0    Dex: 13    Spells: 14/20 levels left

rFire    . . .     SeeInvis .   t - +5 short sword
rCold    . . .     Gourm    .   (no shield)
rNeg     . . .     Faith    .   (helmet restricted)
rPois    .         Spirit   .   h - amulet of magic regeneration
rElec    .         Reflect  .   k - +4 ring of protection
rCorr    +         Harm     .   (no ring)
MR       .....                  o - ring of wizardry
Stlth    +++++.....             v - +4 ring of slaying
HPRegen  0.20/turn              E - ring of resist corrosion
MPRegen  0.41/turn              (no ring)
                                (no ring)
                                (no ring)

@: gold aura, stab, very slightly contaminated, invisible
A: almost no armour, stealthy swim, amphibious, 8 rings, constrict 8, camouflage
1, gelatinous body 1
a: Potion Petition, Call Merchant, Bribe Branch, Renounce Religion


You were on level 8 of the Dungeon.
You worshipped Gozag.
Gozag was pleased with you.
You were not hungry.

You visited 2 branches of the dungeon, and saw 9 of its levels.

You collected 618 gold pieces.
You paid 110 gold pieces to Gozag.

Inventory:

Hand Weapons
 m - a +0 hand axe
 n - a +0 dagger of speed
 r - a +0 vampiric trident
 t - a +5 short sword (weapon)
 u - a +2 trident of freezing
Missiles
 b - 134 stones (quivered)
 l - 6 silver boomerangs
 q - 11 boomerangs
Jewellery
 h - an amulet of magic regeneration (around mantle)
 k - a +4 ring of protection (left tentacle)
 o - a ring of wizardry (on tentacle)
 v - a +4 ring of slaying (on tentacle)
 E - a ring of resist corrosion (on tentacle)
Wands
 i - a wand of acid (14)
 w - a wand of polymorph (18)
Scrolls
 a - a scroll of enchant weapon
 d - 2 scrolls of identify
 p - a scroll of immolation
 y - 2 scrolls of remove curse
 A - a scroll of noise
 D - a scroll of fog
 G - a scroll of blinking {unknown}
 H - a scroll of amnesia
Potions
 f - a potion of curing
 g - 2 potions of haste
 j - 3 potions of stabbing
 s - a potion of lignification
 x - 2 potions of degeneration
 z - a potion of heal wounds
 B - 2 potions of flight
 C - a potion of might
 F - a potion of magic
Comestibles
 c - 19 rations


   Skills:
 - Level 2.0 Fighting
 + Level 6.7 Short Blades
 * Level 7.9 Dodging
 + Level 9.7 Stealth
 + Level 5.6 Spellcasting
 - Level 3.0 Conjurations
 - Level 1.0 Transmutations
 - Level 3.0 Earth Magic


You had 14 spell levels left.
You knew the following spells:

 Your Spells              Type           Power        Failure   Level  Hunger
a - Sandblast             Erth           ###...       1%          1    None
b - Stone Arrow           Conj/Erth      ###...       3%          3    ##.....
c - Passwall              Tmut/Erth      ##......     2%          2    None

Your spell library contained the following spells:

 Spells                   Type           Power        Failure   Level  Hunger
 Petrify                  Tmut/Erth      ##......     17%         4    ####...
 Lee's Rapid Deconstruct  Erth           ###.......   32%         5    #####..


Dungeon Overview and Level Annotations

Branches:
Dungeon (8/15)             Temple (1/1) D:6
   Lair: D:8-11

Altars:
Ashenzari
Cheibriados
Dithmenos
Fedhas
Gozag
Hepliaklqana
Kikubaaqudgha
Nemelex Xobeh
Qazlal
Ru
Sif Muna
Trog
Vehumet
Wu Jian
Xom
Yredelemnul
Zin

Annotations:
D:4 Sigmund
D:6 Duvessa


Innate Abilities, Weirdness & Mutations

You cannot wear most types of armour.
You are very stealthy in the water. (Stealth+)
You are amphibious.
You can wear up to eight rings at the same time.
You can use your tentacles to constrict eight enemies at once.
Your skin changes colour to match your surroundings (Stealth+).
Your rubbery body absorbs attacks. (AC +1, EV +1)


Message History

You fade into invisibility!
You feel ready to backstab.
You feel yourself speed up.
You feel sick. The hornet closely misses you.
You are very lightly contaminated with residual magic.
You feel better. The six-headed hydra misses you. x2
The six-headed hydra completely misses you.
The six-headed hydra bites you! x2
* * * LOW HITPOINT WARNING * * *
The six-headed hydra barely misses you.
The helpless six-headed hydra fails to defend itself.
You perforate the six-headed hydra like a sieve!!!
Your squeeze misses the six-headed hydra.
The six-headed hydra is severely wounded.
The helpless hornet fails to defend itself.
You perforate the hornet like a sieve!!!
You kill the hornet!
You see here 4 gold pieces.
The hound misses you. The six-headed hydra bites you!
You die...
Your body crumbles into a pile of gold.

#.##.#.#.#.#####.###.
#.##.#.#.#.# #.# #.
#.##.#)#.#.# #.# #.
#.##.#)#.#'#####.....
#.##.#)#......#######
#.............#
####.#.##.....#
#$#..+.....#
###@####.....#
#..hD..'.....#
########.....#
#.....# #.....#
#.....# #####....(##
#..........#
#..........#


You could see a six-headed hydra and a hound.

Vanquished Creatures
  Pikel (D:7)
  A hornet (D:8)
  A hippogriff (D:6)
  Prince Ribbit (D:7)
  Eustachio (D:4)
  A spriggan (D:7)
  A water moccasin (D:8)
  An orc warrior (D:7)
  A black bear (D:7)
  2 centaurs
  An ice beast (D:6)
  A phantom (D:5)
  Blork the orc (D:4)
  5 bullfrogs
  8 wights
  A vampire bat (D:3)
  2 howler monkeys (D:5)
  4 crimson imps
  2 hounds
  4 jellies
  2 orc priests
  Jessica (D:6)
  2 iguanas
  3 worker ants
  An orc wizard (D:4)
  A hound zombie (D:6)
  Robin (D:3)
  A howler monkey skeleton (D:6)
  5 adders
  A shadow imp (D:5)
  3 oozes
  2 worms (D:2)
  2 dart slugs (D:2)
  5 leopard geckos
  16 orcs
  4 giant cockroaches
  3 hobgoblins
  5 kobolds
  5 quokkas
  2 ball pythons
  14 bats
  10 frilled lizards
  16 goblins
  A leopard gecko zombie (D:6)
  A quokka skeleton (D:5)
  A quokka zombie (D:6)
  7 rats
155 creatures vanquished.

Vanquished Creatures (others)
  A slave (D:7)
  A wight (D:7)
  A worker ant (D:7)
3 creatures vanquished.

Grand Total: 158 creatures vanquished

Notes
Turn   | Place    | Note
-------+----------+-------------------------------------------
     0 | D:1      | MisterFreud the Octopode Earth Elementalist began the quest
                  | for the Orb.
     0 | D:1      | Reached XP level 1. HP: 11/11 MP: 3/3
   254 | D:1      | Reached skill level 1 in Fighting
   342 | D:1      | Reached XP level 2. HP: 7/19 MP: 3/5
  1041 | D:2      | Reached XP level 3. HP: 24/24 MP: 6/6
  1070 | D:2      | Found a snail-covered altar of Cheibriados.
  1297 | D:2      | Found a faded altar of an unknown god.
  1903 | D:2      | Reached XP level 4. HP: 27/29 MP: 6/8
  2579 | D:3      | Learned a level 3 spell: Stone Arrow
  2582 | D:3      | Learned a level 2 spell: Passwall
  2635 | D:3      | Reached XP level 5. HP: 34/34 MP: 11/11
  2676 | D:3      | Reached skill level 1 in Conjurations
  2866 | D:3      | Reached skill level 3 in Stealth
  3032 | D:4      | Noticed Blork the orc
  3036 | D:4      | Noticed Eustachio
  3061 | D:4      | Reached skill level 1 in Short Blades
  3085 | D:4      | Killed Blork the orc
  3085 | D:4      | Reached XP level 6. HP: 11/39 MP: 7/12
  3312 | D:4      | Killed Eustachio
  3312 | D:4      | Reached skill level 4 in Stealth
  3344 | D:4      | Noticed Robin
  3497 | D:4      | Noticed Sigmund
  3671 | D:5      | Entered Level 5 of the Dungeon
  3816 | D:5      | Noticed a phantom
  3855 | D:5      | Killed a phantom
  3855 | D:5      | Reached skill level 5 in Stealth
  3855 | D:5      | Reached XP level 7. HP: 33/45 MP: 13/13
  4002 | D:5      | Found a bloodstained altar of Trog.
  4016 | D:5      | Reached skill level 6 in Stealth
  4647 | D:3      | Killed Robin
  5112 | D:5      | Reached XP level 8. HP: 44/50 MP: 14/14
  5475 | D:6      | Found a shattered altar of Ashenzari.
  5531 | D:6      | Reached skill level 7 in Stealth
  5683 | D:6      | Noticed Duvessa
  5757 | D:6      | Found a sparkling altar of Nemelex Xobeh.
  5757 | D:6      | Noticed Jessica
  5761 | D:6      | Killed Jessica
  5797 | D:6      | Found a staircase to the Ecumenical Temple.
  5802 | D:6      | Noticed a hippogriff
  5812 | Temple   | Entered the Ecumenical Temple
  5920 | Temple   | Became a worshipper of Gozag Ym Sagoz the Greedy
  6006 | D:6      | Killed a hippogriff
  6006 | D:6      | Reached skill level 5 in Short Blades
  6006 | D:6      | Reached skill level 5 in Dodging
  6304 | D:7      | Noticed a spriggan baker
  6310 | D:7      | Killed a spriggan baker
  6324 | D:7      | Noticed Prince Ribbit
  6339 | D:7      | Noticed Pikel
  6397 | D:7      | Reached skill level 8 in Stealth
  6400 | D:7      | Reached XP level 9. HP: 36/54 MP: 15/15
  6529 | D:7      | Killed Prince Ribbit
  6560 | D:7      | Killed Pikel
  6831 | D:7      | Reached skill level 5 in Spellcasting
  6962 | D:7      | Reached skill level 9 in Stealth
  7649 | D:8      | Reached XP level 10. HP: 60/60 MP: 18/18
  7769 | D:8      | Noticed a six-headed hydra
  7792 | D:8      | Slain by a six-headed hydra

Illustrated notes

Levels and vault maps discovered:
D:1:      tarquinn_simple_flora_water_f, layout_basic
D:2:      cheibrodos_old_hovel, layout_loops_corners, old_standard_altar,
          chequers_ecumenical_altar_grove, hangedman_glass_teeth
D:3:      layout_basic, roderic_batcave
D:4:      layout_cave_pools, first_ration, uniq_sigmund, uniq_eustachio,
          uniq_robin, uniq_blork_the_orc
D:5:      layout_loops_ring, trog_butcher_becter
D:6:      layout_basic, makhleb_heckhound_becter, cheibrodos_ashenzari_chains,
          minmay_temple_entry_junction_2, nemelex_lonely_heart_becter,
          uniq_duvessa
D:7:      layout_basic, the_bakery, uniq_pikel, uniq_prince_ribbit1
D:8:      layout_basic, enter_ossuary_2
Temple:   dpeg_five_rooms_temple

Skill      XL: |  1  2  3  4  5  6  7  8  9 |
---------------+----------------------------+-----
Fighting       | 1 2 |  2.0
Spellcasting   | 3 4 5 |  5.6
Conjurations   | 2 3 |  3.0
Stealth        | 3 5 6 8 9 |  9.7
Short Blades   | 1 3 4 5 6 |  6.7
Dodging        | 3 5 7 |  7.9
Transmutations | |  1.0
Earth Magic    | |  3.0

Action                   |  1- 3 |  4- 6 |  7- 9 | 10-12 || total
-------------------------+-------+-------+-------+-------++-------
Melee: Unarmed           |    38 |       |       |       ||    38
       Constrict         |    23 |    33 |    47 |     1 ||   104
       Tentacles         |    17 |    17 |    30 |       ||    64
       Hand axe          |    27 |       |       |       ||    27
       Dagger            |    38 |    46 |       |       ||    84
       Short sword       |       |    85 |   198 |     5 ||   288
 Cast: Sandblast         |     5 |     5 |     7 |       ||    17
Invok: Potion Petition   |       |       |       |     1 ||     1
Evoke: Wand              |       |       |       |     2 ||     2
  Use: Potion            |       |     2 |     1 |     1 ||     4
       Scroll            |       |     5 |    15 |       ||    20
 Stab: Sleeping          |     8 |     5 |     8 |     2 ||    23
       Distracted        |       |       |     1 |       ||     1
  Eat: Chunk             |     3 |     5 |     8 |       ||    16
       Ration            |       |       |     2 |       ||     2
Armor: Skin              |    26 |    52 |    35 |       ||   113
Dodge: Dodged            |    80 |   123 |   136 |    11 ||   350
